 Dungeon Crawl Stone Soup version bcrawl-1.21.2-28-g2cb1824106 (webtiles) character file.

Game seed: 18309457779403336729

298 Freyura the Covered (level 6, -1/38 HPs)
             Began as a Gargoyle Fighter on Mar 19, 2020.
             Was an Initiate of Ashenzari.
             Killed from afar by an orc wizard (7 damage)
             ... with a magic dart
             ... on level 3 of the Dungeon.
             The game lasted 00:05:15 (2338 turns).

Freyura the Covered (Gargoyle Fighter)              Turns: 2338, Time: 00:05:15

Health: -1/38      AC: 12    Str: 20    XL:     6   Next: 35%
Magic:  6/6        EV:  8    Int:  8    God:    Ashenzari [......]
Gold:   84         SH:  9    Dex: 11    Spells: 5/5 levels left

rFire    . . .     SeeInvis .   a - +0 flail (curse)
rCold    . . .     Gourm    .   c - +0 medium shield (curse)
rNeg     + . .     Faith    .   b - +0 scale mail
rPois    ∞         Spirit   .   l - +0 helmet (curse)
rElec    +         Reflect  .   (no cloak)
rCorr    .         Harm     .   (no gloves)
MR       .....                  (no boots)
Stlth    ..........             (no amulet)
HPRegen  0.12/turn              (no ring)
MPRegen  0.10/turn              (no ring)

@: no status effects
A: negative energy resistance 1, electricity resistance, unbreathing,
petrification resistance, rot immunity, AC +4
a: Curse Item, Renounce Religion


You were on level 3 of the Dungeon.
You worshipped Ashenzari.
Ashenzari was noncommittal.
You were not hungry.

You visited 1 branch of the dungeon, and saw 3 of its levels.

You collected 84 gold pieces.

Inventory:

Hand Weapons
 a - a cursed +0 flail (weapon)
Armour
 b - a +0 scale mail (worn)
 c - a cursed +0 medium shield (worn)
 l - a cursed +0 helmet (worn)
Scrolls
 f - 2 scrolls of teleportation
 g - a scroll of remove curse
Potions
 h - a potion of cancellation {unknown}
 i - 2 potions of curing
 m - 2 potions of degeneration {unknown}
 n - a potion of brilliance {unknown}
 p - a potion of lignification {unknown}
Comestibles
 e - 4 rations {!d}


   Skills:
 + Level 4.2 Fighting
 * Level 4.1 Maces & Flails
 + Level 4.3 Armour
 + Level 1.8 Dodging
 + Level 4.2 Shields


You had 5 spell levels left.
You didn't know any spells.
Your spell library was empty.

Dungeon Overview and Level Annotations

Branches:
Dungeon (3/12)

Altars:
Ashenzari


Innate Abilities, Weirdness & Mutations

You are resistant to torment.
Your stone body is resilient. (AC +4)
You are immune to poison.
You resist negative energy. (rN+)
You are resistant to electric shocks. (rElec)
You can survive without breathing.
You are immune to petrification.
You are immune to rotting.


Message History

You sock the orc priest!
The orc priest is severely wounded.
Something hits you but does no damage. The orc barely misses you.
The orc priest hits you but does no damage.
You hit the orc priest.
The orc priest is almost dead.
The orc barely misses you.
The orc priest calls down the wrath of Beogh upon you.
Pain shoots through your body!
* * * LOW HITPOINT WARNING * * *
You block the orc's attack.
You hit the orc priest.
You kill the orc priest!
Something hits you.
* * * LOW HITPOINT WARNING * * *
The orc hits you but does no damage. Something hits you but does no damage.
A magic dart appears from out of thin air!
The magic dart hits you!
You die...

<....##. .#
#......#. #..
#....... ..#
##.....##. #.#
#......... #..
......#..
#.##{)......
#...ow.# ###@####
#.# #.# .#
##.###### .
##...##..# ##.
##.....#[.#
#..##......#..# #
#.##......##..#
#.##.###.....#))##
##


You could see a worm and an orc.

Vanquished Creatures
  2 big kobolds (D:3)
  An orc priest (D:3)
  Robin (D:2)
  3 gnolls (D:2)
  2 worms (D:2)
  A dart slug (D:1)
  5 leopard geckos
  4 orcs
  2 giant cockroaches (D:1)
  14 goblins
  14 hobgoblins
  A ball python (D:3)
  5 bats
  2 frilled lizards (D:1)
  12 kobolds
  A rat (D:1)
70 creatures vanquished.

Notes
Turn   | Place    | Note
-------+----------+-------------------------------------------
     0 | D:1      | Freyura the Gargoyle Fighter began the quest for the Orb.
     0 | D:1      | Reached XP level 1. HP: 14/14 MP: 1/1
   226 | D:1      | Reached XP level 2. HP: 19/19 MP: 2/2
   429 | D:1      | Reached XP level 3. HP: 23/23 MP: 3/3
   827 | D:2      | Noticed Robin
   850 | D:2      | Killed Robin
   856 | D:2      | Reached XP level 4. HP: 11/28 MP: 4/4
  1322 | D:2      | Reached skill level 1 in Dodging
  1339 | D:2      | Found a shattered altar of Ashenzari.
  1365 | D:2      | Became a worshipper of Ashenzari the Shackled
  1963 | D:3      | Noticed a big kobold
  1963 | D:3      | Noticed a big kobold
  1975 | D:3      | Killed a big kobold
  1975 | D:3      | Reached XP level 5. HP: 10/33 MP: 5/5
  1983 | D:3      | Killed a big kobold
  1983 | D:3      | Reached XP level 6. HP: 13/38 MP: 6/6
  2338 | D:3      | Killed from afar by an orc wizard

Skill      XL: |  1  2  3  4  5  6 |
---------------+-------------------+-----
Maces & Flails | 3 4 |  4.1
Dodging        | 1 |  1.8
Armour         | 4 |  4.3
Shields        | 4 |  4.2
Fighting       | 4 |  4.2

Action                   |  1- 3 |  4- 6 || total
-------------------------+-------+-------++-------
Melee: Flail             |   117 |   130 ||   247
Invok: Curse Item        |       |     3 ||     3
  Use: Scroll            |       |     5 ||     5
       Potion            |       |     1 ||     1
  Eat: Chunk             |       |     3 ||     3
       Ration            |       |     1 ||     1
Armor: Scale mail        |    83 |   106 ||   189
Dodge: Dodged            |    32 |    71 ||   103
Block: Medium shield     |    66 |   104 ||   170
